 Dungeon Crawl Stone Soup version 0.29-a0-398-ge13fd1374b (webtiles) character file.

Game seed: 12353240941199221639

184 happo123 the Digger (level 5, 0/28 HPs)
             Began as a Gargoyle Earth Elementalist on May 13, 2022.
             Slain by an orc
             ... wielding a +0 whip
              (3 damage)
             ... on level 3 of the Dungeon.
             The game lasted 00:09:24 (2199 turns).

happo123 the Digger (Gargoyle Earth Elementalist)   Turns: 2199, Time: 00:09:25

Health: 0/28       AC:  6    Str: 12    XL:     5   Next: 64%
Magic:  1/10       EV: 12    Int: 17    God:
Gold:   90         SH:  5    Dex: 10    Spells: 10/11 levels left

rFire   . . .      SeeInvis .   s - +4 quarterstaff (chaos)
rCold   . . .      Faith    .   (shield currently unavailable)
rNeg    + . .      Spirit   .   (no body armour)
rPois   ∞          Reflect  +   (no helmet)
rElec   +          Harm     .   t - +1 cloak {rPois}
rCorr   .          Rampage  .   (no gloves)
Will    .....                   (no boots)
Stlth   ++........              m - amulet of reflection
HPRegen 0.09/turn               (no ring)
MPRegen 0.12/turn               (no ring)

@: no status effects
A: sickness immunity, AC +4, negative energy resistance 1, electricity
resistance, torment resistance 1, petrification resistance
a: no special abilities


You were on level 3 of the Dungeon.
You visited 1 branch of the dungeon, and saw 3 of its levels.

You collected 90 gold pieces.

Inventory:

Hand Weapons
 s - a +4 quarterstaff of chaos (weapon)
Missiles
 a - 56 stones
Armour
 b - a +0 robe
 t - a +1 cloak of poison resistance (worn)
 w - a +0 leather armour
Jewellery
 m - an amulet of reflection (around neck)
Scrolls
 e - 3 scrolls of silence
 f - 2 scrolls of noise {unknown}
 g - a scroll of fog {unknown}
 k - 2 scrolls of identify {unknown}
 l - a scroll of immolation {unknown}
 n - a scroll of poison {unknown}
 o - a scroll of torment {unknown}
 r - a scroll of vulnerability {unknown}
 u - a scroll of fear {unknown}
Potions
 c - a potion of magic
 d - 2 potions of attraction {unknown}
 h - a potion of resistance {unknown}
 i - a potion of curing {unknown}
 j - 2 potions of degeneration {unknown}
 p - 2 potions of heal wounds {unknown}
 q - 2 potions of berserk rage {unknown}
 v - a potion of flight {unknown}


   Skills:
 + Level 0.2 Fighting
 + Level 1.0 Staves
 + Level 1.8 Dodging
 + Level 2.9 Stealth
 + Level 0.5 Shields
 + Level 0.3 Unarmed Combat
 + Level 3.7 Spellcasting
 + Level 0.7 Transmutations
 + Level 5.0 Earth Magic


You had 10 spell levels left.
You knew the following spells:

 Your Spells              Type           Power      Damage    Failure   Level
a - Sandblast             Erth           40%        2d10      1%          1

Your spell library contained the following spells:

 Spells                   Type           Power      Damage    Failure   Level
 Passwall                 Tmut/Erth      10%        N/A       8%          2
 Stone Arrow              Conj/Erth      22%        3d8       17%         3
 Petrify                  Tmut/Erth      12%        N/A       45%         4


Dungeon Overview and Level Annotations

Branches:
Dungeon (3/15)

Altars:


Innate Abilities, Weirdness & Mutations

You are immune to sickness and miasma.
Your stone body is resilient. (AC +4)
You are immune to poison.
You resist negative energy. (rN+)
You are resistant to electric shocks. (rElec)
You are resistant to unholy torment.
You are immune to petrification.


Message History

You kill the orc!
An orc comes into view. It is wielding a +0 flail.
An orc priest comes into view. It is wielding a +0 war axe.
Things that are here:
a +0 trident; a +0 scale mail
Aiming: Sandblast (safe; 1% risk of failure)
Press: ? - help, Q - select action, (/) - cycle Shift-Dir - straight line, f - orc
Aim: an orc, wielding a +0 flail and wearing a +0 leather armour (81% to hit)
The blast of sand hits the orc.
The orc is almost dead.
Aiming: Sandblast (safe; 1% risk of failure)
Press: ? - help, Q - select action, (/) - cycle Shift-Dir - straight line, f/p - orc
Aim: an orc, wielding a +0 flail and wearing a +0 leather armour (almost dead, 81% to hit)
The blast of sand hits the orc but does no damage.
The orc is almost dead.
An orc comes into view.
It is wielding a +0 whip and quivering boomerangs of dispersal.
Your magical contamination has completely faded away.
The orc closely misses you.
You closely miss the orc.
The orc is almost dead.
The orc barely misses you. The orc misses you.
You hit the orc. You burn the orc.
You kill the orc!
The orc completely misses you.
The orc priest calls down the wrath of Beogh upon you.
Pain shoots through your body!
* * * LOW HITPOINT WARNING * * *
An endoplasm comes into view.
The orc priest invokes the aid of Beogh against you.
Pain shoots through your body!
* * * LOW HITPOINT WARNING * * *
The orc misses you.
Aiming: Sandblast (safe; 1% risk of failure)
Press: ? - help, Q - select action, (/) - cycle Shift-Dir - straight line, f - orc priest
Aim: an orc priest, wielding a +0 war axe (81% to hit)
The blast of sand hits the orc priest!
The orc priest is almost dead.
The endoplasm quivers.
The orc hits you with a +0 whip.
You die...

. ..# #...## .###.#
##.## #.##.#
########.##### #.....
....>....##... ##..#.#
########....). +...#.#
##.###.##.##
#...#.#####......##.##
#.)Jo).^.....######..<
#...#@)<>...........##
+...###o#.#########.#
#...# #.#.# #.##
o..... #o#.# #...
#.#####.#.#.# #... #.
..$#.# #... # ..#.#
##.# ..#.# #.# ....
#.#


You could see an orc priest, an orc and an endoplasm.

Vanquished Creatures
  Crazy Yiuf (D:2)
  Jessica (D:2)
  2 orc wizards (D:3)
  2 adders
  2 worms (D:2)
  2 dart slugs
  5 orcs (D:3)
  6 ball pythons
  4 endoplasms
  A giant cockroach (D:1)
  3 hobgoblins
  A quokka (D:2)
  5 bats
  3 frilled lizards
  4 goblins
  4 kobolds
  3 rats
49 creatures vanquished.

Notes
Turn   | Place    | Note
-------+----------+-------------------------------------------
     0 | D:1      | happo123 the Gargoyle Earth Elementalist began the quest
                  | for the Orb.
     0 | D:1      | Reached XP level 1. HP: 10/10 MP: 3/3
   231 | D:1      | Reached skill level 4 in Earth Magic
   299 | D:1      | Reached XP level 2. HP: 15/15 MP: 3/5
   382 | D:1      | Found a faded altar of an unknown god.
   738 | D:2      | Reached XP level 3. HP: 10/19 MP: 0/7
   921 | D:2      | Noticed Jessica
   926 | D:2      | Killed Jessica
   927 | D:2      | Reached XP level 4. HP: 16/24 MP: 5/8
  1280 | D:2      | Found a runed translucent door.
  1281 | D:2      | Noticed Crazy Yiuf
  1291 | D:2      | Killed Crazy Yiuf
  2009 | D:3      | Reached XP level 5. HP: 24/28 MP: 7/9
  2147 | D:3      | Reached skill level 1 in Staves
  2147 | D:3      | Reached skill level 5 in Earth Magic
  2199 | D:3      | Slain by an orc

Illustrated notes

Levels and vault maps discovered:
D:1:      tarquinn_simple_flora_water_d, layout_basic,
          hellmonk_ecumenical_altar_arch_garden, serial_bayou_pond_a
D:2:      layout_basic, minmay_misc_feat_doors, uniq_jessica,
          uniq_crazy_yiuf_cottage
D:3:      layout_loops_ring, tso_altar, mainiacjoe_overflow_six_doors_small

Skill      XL: |  1  2  3  4  5 |
---------------+----------------+-----
Earth Magic    | 4 5 |  5.0
Spellcasting   | 3 |  3.7
Staves         | 1 |  1.0
Fighting       | |  0.2
Dodging        | |  1.8
Stealth        | |  2.9
Shields        | |  0.5
Unarmed Combat | |  0.3
Transmutations | |  0.7

Action                   |  1- 3 |  4- 6 || total
-------------------------+-------+-------++-------
Melee: Unarmed           |    20 |    17 ||    37
       Quarterstaff      |       |    26 ||    26
 Cast: Sandblast         |    25 |    38 ||    63
  Use: Scroll            |       |     1 ||     1
 Stab: Sleeping          |     2 |     2 ||     4
Armor: Robe              |    20 |    30 ||    50
       Skin              |       |     1 ||     1
Dodge: Dodged            |    19 |    37 ||    56
Block: Other             |     6 |    14 ||    20

Table legend: (Time is in decaauts)
 A = Elapsed time spent in this place.
 B = Non-inter-level travel time spent in this place.
 C = Inter-level travel time spent in this place.
 D = Time resting spent in this place.
 E = Time spent auto-exploring this place.
 F = Levels seen in this place.
 G = Mean time per level.
                   A        B        C        D        E       F      G
               +--------+--------+--------+--------+--------+-----+--------+
         Total |   2211 |   2014 |    197 |    111 |   1523 |   3 |  737.0 |
       Dungeon |   2211 |   2014 |    197 |    111 |   1523 |   3 |  737.0 |
               +--------+--------+--------+--------+--------+-----+--------+

Top non-repeatable levels by time:
     D:2: 1311 daAuts
     D:1: 637 daAuts
     D:3: 262 daAuts
